Map: Beladona LE

Players

LowLinK

  • Race: Protoss Protoss
  • League: Platinum
  • Spawn Location: 11:00

Kikonda - Winner!

  • Race: Zerg Zerg
  • League: Platinum
  • Spawn Location: 5:00

VOD

Have the link to the VOD?

Description

Time

  • Played on: Feb. 14, 2020, 10:32 a.m.
  • Length: 8:43
Show
View Real Time Build Order
Export as new Build Order

LowLinK Protoss 

Build Orders: Zealot Archon 

Get SALT Encoding   

  12  0:01  Probe  
  13  0:13  Probe  
  14  0:17  Pylon  
  14  0:25  Probe  
  15  0:37  Probe (Chrono Boost)  
  15  0:38  Gateway  
  16  0:47  Assimilator  
  16  0:48  Probe (Chrono Boost)  
  17  0:53  Probe (Chrono Boost)  
  18  0:59  Assimilator  
  18  1:03  Probe  
  19  1:22  Probe  
  20  1:27  Cybernetics Core  
  20  1:34  Probe  
  21  1:46  Pylon  
  21  1:48  Probe  
  22  1:57  Pylon  
  22  2:00  Probe  
  23  2:02  Warp Gate (Chrono Boost)  
  23  2:16  Stargate  
  23  2:17  Pylon  
  23  2:22  Probe  
  24  2:27  Gateway  
  24  2:31  Gateway  
  24  2:37  Gateway  
  23  2:56  Adept (Chrono Boost)  
  23  2:57  Twilight Council  
  23  3:02  Gateway  
  25  3:19  Adept  
  27  3:21  Robotics Facility  
  27  3:25  Pylon  
  27  3:41  Charge (Chrono Boost)  
  25  3:51  Stalker  
  27  4:04  Templar Archives  
  27  4:09  Pylon  
  27  4:10  Warp Prism  
  29  4:22  Gateway  
  29  4:24  Sentry  
  31  4:53  Pylon  
  31  4:55  High Templar  
  33  5:18  Pylon  
  33  5:34  Stalker x2  
  33  5:35  High Templar  
  39  5:40  Archon  
  39  5:45  Resonating Glaives  
  39  5:54  Stalker x2  
  43  6:15  Stalker x2  
  43  6:18  Zealot x3  
  51  6:38  High Templar  
  53  6:41  Zealot x4  
  61  6:49  Forge  
  61  7:01  High Templar  
  63  7:12  Archon  
  63  7:20  Pylon  
  63  7:22  Pylon  
  63  7:46  Stalker  
  63  7:47  Zealot, Stalker x2  
  63  7:48  Zealot  
  63  8:19  Stalker x3  
  61  8:20  Zealot x2  
Show
View Real Time Build Order
Export as new Build Order

Kikonda Zerg - Winner!

Build Orders: Pool First, Swarm Host 

Get SALT Encoding   

  12  0:02  Drone  
  13  0:08  Drone  
  14  0:29  Spawning Pool  
  14  0:30  Drone  
  14  0:37  Overlord  
  14  0:56  Drone x3  
  17  1:01  Extractor  
  16  1:07  Drone  
  17  1:27  Hatchery  
  17  1:28  Queen  
  18  1:35  Drone  
  18  1:39  Drone  
  20  1:46  Overlord  
  20  1:53  Drone  
  21  2:04  Metabolic Boost  
  21  2:13  Zergling x2  
  21  2:14  Zergling x2  
  23  2:28  Zergling x2  
  23  2:29  Spore Crawler  
  23  2:32  Spine Crawler  
  22  2:38  Zergling x6  
  22  2:39  Zergling x2  
  22  2:43  Drone  
  27  2:52  Drone x2  
  27  2:56  Extractor  
  28  2:58  Drone  
  29  3:06  Drone  
  29  3:08  Queen  
  32  3:14  Lair  
  32  3:19  Drone  
  33  3:20  Drone  
  34  3:28  Drone x2  
  35  3:49  Drone  
  36  4:06  Spore Crawler  
  36  4:09  Spine Crawler  
  34  4:10  Drone  
  34  4:15  Infestation Pit  
  34  4:16  Nydus Network  
  33  4:19  Drone x3  
  33  4:20  Evolution Chamber  
  33  4:21  Overlord  
  35  4:26  Drone  
  35  4:28  Overlord  
  36  4:43  Drone x2  
  38  4:45  Zerg Missile Weapons Level 1  
  38  4:49  Spine Crawler  
  37  4:53  Drone x3  
  37  4:58  Drone  
  37  4:59  Drone  
  42  5:03  Overlord  
  42  5:18  Swarm Host  
  42  5:19  Swarm Host x2  
  51  5:22  Swarm Host  
  51  5:26  Swarm Host  
  57  5:32  Nydus Canal  
  57  5:37  Drone  
  57  5:38  Drone  
  57  5:39  Spine Crawler  
  58  5:55  Queen  
  60  5:57  Overlord x2  
  60  5:58  Spine Crawler  
  58  6:21  Swarm Host  
  58  6:22  Zergling x4, Swarm Host x2  
  58  6:23  Zergling x2  
  70  6:36  Swarm Host  
  73  6:46  Spine Crawler  
  72  6:49  Swarm Host  
  75  7:13  Overlord x3  
  75  7:52  Swarm Host x2  
  75  7:54  Zergling x4  
  75  7:58  Drone x4  
  84  7:59  Drone x2  
  84  8:01  Hydralisk Den  
  71  8:43  Spine Crawler  
Tags
 
Add a new tag
Caveats
  • Supply blocks, unpowered buildings, or Contaminate may cause inaccurate times.
  • Supply counts are checked every 10 seconds.